AoeStats
← Random

Black Forest

504404779Analyzed
4v4 RM · 28d ago on Sep 5, 2026· 28m 48s· 8 players
Game mode
Random Map
Map size
Large (8 player)
Population
200
Speed
Normal
Resources
Standard
Victory
Conquest
Starting age
Dark Age
Ending age
Imperial Age
RankedLock teamsTeams togetherTeam positionsShared explorationLock speedFull tech treeHidden civsTurbo modeCheats
Victory
Defeat
🇨🇳 Magyars · China
1787
+8
🇨🇳 Malians · China
1777
+8
🇨🇳 Burmese · China
1742
+9
🇨🇳 Aztecs · China
1611
+14
🇯🇵 Gurjaras · Japan
1622
-11
🇹🇼 Tatars · Taiwan
1581
-10
🇩🇪 Wei · Germany
1567
-9
🇺🇸 Mapuche · United States
1565
-9
yu_k1
6:14 Loom
10:52 Feudal Age
11:55 Double-Bit Axe
14:51 Castle Age
13:30 Horse Collar
13:42 Gold Mining
15:57 Bow Saw
16:44 Heavy Plow
18:04 Wheelbarrow
20:41 Town Watch
22:07 Stone Mining
26:00 Kshatriyas
26:37 Scale Barding Armor
27:25 Bloodlines
Random
1:34 Loom
10:56 Feudal Age
11:43 Double-Bit Axe
14:42 Castle Age
13:01 Horse Collar
15:38 Bow Saw
15:29 Heavy Plow
17:27 Town Watch
21:11 Wheelbarrow
20:23 Loom
24:02 Coinage
29:42 Imperial Age
27:26 Forging
27:16 Scale Mail Armor
27:54 Padded Archer Armor
27:44 Fletching
鼠條
5:17 Loom
12:16 Feudal Age
13:17 Double-Bit Axe
13:13 Horse Collar
13:27 Stone Mining
15:56 Castle Age
17:40 Wheelbarrow
18:55 Bow Saw
21:20 Hand Cart
23:31 Gold Mining
23:44 Heavy Plow
27:11 Light Cavalry
Moard
0:48 Loom
11:50 Feudal Age
13:28 Double-Bit Axe
15:54 Castle Age
13:40 Horse Collar
14:07 Gold Mining
16:52 Bow Saw
TS-精锐狐狐
0:38 Loom
12:47 Feudal Age
16:34 Castle Age
14:31 Double-Bit Axe
14:52 Horse Collar
17:36 Scale Mail Armor
21:50 Forging
27:54 Chain Mail Armor
28:21 Iron Casting
慕华花繁
0:48 Loom
11:39 Feudal Age
12:19 Double-Bit Axe
15:12 Castle Age
14:39 Horse Collar
15:53 Heavy Plow
16:06 Bow Saw
19:59 Wheelbarrow
23:59 Hand Cart
23:29 Town Watch
24:35 Gold Mining
24:35 Stone Mining
29:33 Imperial Age
27:27 Fletching
28:03 Bodkin Arrow
28:44 Gold Shaft Mining
29:05 Ballistics
29:21 Padded Archer Armor
Izumi Yuki
7:21 Loom
10:55 Feudal Age
11:42 Double-Bit Axe
14:39 Castle Age
14:01 Gold Mining
15:54 Bow Saw
22:38 Fervor
22:48 Sanctity
24:00 Redemption
28:53 Imperial Age
28:03 Wheelbarrow
YoungTong
10:02 Feudal Age
13:46 Castle Age
11:46 Horse Collar
14:48 Heavy Plow
18:07 Wheelbarrow
20:09 Gold Mining
22:38 Hand Cart
27:10 Imperial Age
24:52 Loom
25:36 Scale Barding Armor
25:42 Forging
26:43 Chain Barding Armor
27:21 Gold Shaft Mining
27:47 Iron Casting
27:16 Squires
27:43 Husbandry
27:53 Bloodlines
29:07 Chemistry
27:31 Elite Battle Elephant
29:26 Plate Barding Armor
30:05 Blast Furnace
Connection lost

Rejoining the realm…

Still unreachable

The connection could not be restored.

Session expired

The server has moved on; the page needs a fresh start.